Map: Ulrena

Players

Miszu

  • Race: Terran Terran
  • League: Grandmaster

dTefel (Tefel) - Winner!

  • Race: Zerg Zerg
  • League: Grandmaster

VOD

Have the link to the VOD?

Description

Time

  • Played on: June 8, 2016, 12:20 p.m.
  • Length: 6:16
Show
View Real Time Build Order
Export as new Build Order

Miszu Terran 

Build Orders: Reaper Expand 

Get SALT Encoding   

  12  0:00  SCV  
  13  0:12  SCV  
  14  0:17  Supply Depot  
  14  0:24  SCV  
  15  0:39  Barracks, SCV  
  16  0:45  Refinery  
  16  0:51  SCV  
  17  1:03  SCV  
  18  1:15  SCV  
  19  1:28  Orbital Command  
  19  1:29  Reaper  
  20  1:42  Command Center  
  20  1:51  Supply Depot  
  21  1:54  SCV  
  21  2:01  Marine  
  22  2:07  Factory  
  22  2:08  SCV  
  23  2:27  SCV  
  24  2:31  Barracks Reactor  
  23  2:39  SCV  
  24  2:46  Command Center  
  24  2:53  SCV  
  24  3:06  Orbital Command  
  24  3:08  SCV  
  25  3:17  Barracks Tech Lab  
  25  3:18  Barracks  
  25  3:20  Hellion x2  
  25  3:21  SCV  
  30  3:33  SCV x2  
  32  3:44  Marine  
  32  3:45  SCV, Stimpack  
  32  3:46  SCV  
  35  3:50  Refinery  
  35  3:55  Factory Reactor  
  34  3:57  SCV  
  34  3:58  SCV, Orbital Command  
  34  3:59  Barracks  
  36  4:09  SCV  
  36  4:10  SCV  
  36  4:21  SCV  
  36  4:22  SCV  
  38  4:24  Marine  
  38  4:27  Starport  
  38  4:31  Engineering Bay x2, Marine  
  39  4:32  Marine  
  39  4:34  SCV  
  42  4:39  SCV  
  42  4:42  Marine  
  42  4:43  Refinery  
  42  4:45  Refinery, Factory Reactor  
  44  4:46  SCV  
  44  4:50  Orbital Command  
  44  4:51  SCV  
  46  4:55  Marine  
  46  4:56  Marine x2  
  46  4:57  Marine  
  46  4:58  SCV  
  47  5:02  Bunker  
  47  5:04  SCV  
  47  5:05  Starport Reactor, Factory Tech Lab  
  48  5:07  Bunker  
  48  5:08  Marine  
  48  5:12  Bunker  
  48  5:13  Marine  
  50  5:14  Marine  
  51  5:22  Marine  
  51  5:23  Siege Tank  
  51  5:30  SCV x3  
  51  5:35  Marine x2  
  56  5:38  Marine  
  56  5:39  Marine  
  56  5:42  SCV x3  
  60  5:47  Supply Depot  
  60  5:49  Supply Depot  
  61  5:54  SCV x2  
  61  5:55  Marine x3, SCV  
Show
View Real Time Build Order
Export as new Build Order

dTefel Zerg - Winner!

Build Orders: Pool First 

Get SALT Encoding   

  12  0:00  Drone  
  13  0:08  Drone  
  14  0:17  Overlord  
  14  0:24  Extractor, Drone  
  15  0:35  Drone x2  
  17  0:45  Spawning Pool  
  17  0:47  Drone  
  17  1:09  Hatchery  
  16  1:12  Drone  
  16  1:13  Extractor  
  16  1:17  Drone  
  17  1:20  Drone  
  18  1:31  Queen  
  20  1:35  Zergling x2  
  20  1:37  Drone  
  22  1:47  Overlord  
  22  2:08  Queen, Drone  
  25  2:11  Drone  
  26  2:17  Metabolic Boost  
  26  2:28  Queen  
  28  2:34  Overlord  
  28  2:35  Drone x3  
  31  2:41  Drone x2  
  33  2:47  Drone x2  
  33  2:49  Drone  
  35  2:56  Overlord  
  35  2:59  Drone  
  36  3:07  Drone  
  36  3:09  Drone  
  38  3:16  Drone, Hatchery  
  38  3:18  Drone  
  38  3:19  Drone  
  40  3:22  Drone  
  40  3:24  Drone  
  42  3:30  Roach Warren  
  41  3:35  Zergling x4  
  41  3:39  Zergling x4  
  41  3:40  Zergling x2  
  46  3:46  Overlord  
  46  3:52  Drone x3  
  46  3:53  Extractor  
  46  3:54  Lair  
  48  4:01  Overlord  
  48  4:08  Overlord  
  44  4:19  Roach  
  44  4:20  Roach x5  
  55  4:27  Extractor  
  55  4:28  Overlord  
  55  4:29  Roach  
  55  4:30  Drone  
  57  4:33  Roach  
  57  4:38  Overlord  
  59  4:40  Drone  
  59  4:41  Spore Crawler  
  59  4:42  Drone x2  
  59  4:45  Overlord  
  61  4:51  Glial Reconstitution  
  61  4:56  Drone x4  
  65  5:00  Roach  
  65  5:01  Roach  
  65  5:02  Roach  
  65  5:05  Zergling x2  
  65  5:06  Zergling x2  
  74  5:07  Zergling x2  
  74  5:10  Zergling x4  
  74  5:13  Roach  
  78  5:16  Roach  
  78  5:18  Roach  
  82  5:29  Roach x4  
  82  5:30  Roach  
  82  5:34  Roach  
  82  5:35  Zergling x2  
  95  5:36  Zergling x2  
  95  5:37  Zergling x2  
  95  5:39  Ravager  
  95  5:40  Zergling x2  
  95  5:41  Zergling x2  
  100  5:43  Zergling x2  
  100  5:45  Zergling x2  
  100  5:47  Ravager  
  100  5:48  Zergling x2  
  100  5:49  Zergling x2  
  106  5:50  Zergling x2  
  106  5:53  Overlord  
  106  5:56  Overlord  
Tags
 
Add a new tag
Caveats
  • Supply blocks, unpowered buildings, or Contaminate may cause inaccurate times.
  • Supply counts are checked every 10 seconds.